 Dungeon Crawl Stone Soup version 0.32-a0-172-gc5dd13f2a7 (webtiles) character file.

Game seed: 5835381561637184895

1950 ezpacito the Trooper (level 8, -4/96 HPs)
             Began as a Demonspawn Berserker on Feb 12, 2024.
             Was a Priest of Trog.
             Slain by an ice devil (23 damage)
             ... summoned by a kobold demonologist
             ... in a bailey.
             The game lasted 00:14:15 (4589 turns).

ezpacito the Trooper (Demonspawn Berserker)         Turns: 4589, Time: 00:14:15

Health: -4/96      AC: 21    Str: 18    XL:     8   Next: 99%
Magic:  8/8        EV:  7    Int:  7    God:    Trog [***...]
Gold:   72         SH:  0    Dex: 15    Spells: 7/7 levels left

rFire   + . .        e - +0 war axe
rCold   . . .        (no shield)
rNeg    . . .        z - +3 plate armour
rPois   .            s - +2 helmet
rElec   .            o - +2 cloak
rCorr   +            (no gloves)
SInv    .            (no boots)
Will    ++...        (no amulet) Stlth
                     b - ring of protection from fire
HPRegen 1.36/turn    j - ring of resist corrosion
MPRegen 0.11/turn

%: no passive effects
@: berserking (expiring), strong-willed, regenerating, very quick
A: hooves 2
a: Renounce Religion, Berserk, Trog's Hand


You were in a bailey.
You worshipped Trog.
Trog was most pleased with you.
You visited 1 branch of the dungeon, and saw 6 of its levels.
You also visited: Sewer and Bailey.

You collected 282 gold pieces.
You spent 210 gold pieces at shops.

Inventory:

Hand Weapons
 e - a +0 war axe (weapon)
 p - a +4 quarterstaff of chaos
 q - a +0 heavy hammer
 u - a +2 sling of freezing
Missiles
 c - 2 poisoned darts (quivered)
 d - 62 stones
 f - 11 boomerangs
 k - 2 throwing nets
Armour
 o - a +2 cloak (worn)
 s - a +2 helmet (worn)
 x - a +1 chain mail
 z - a +3 plate armour (worn)
Jewellery
 b - a ring of protection from fire (left hand)
 h - a ring of magical power
 j - a ring of resist corrosion (right hand)
Talismans
 i - a maw talisman
Wands
 a - a wand of charming (13)
Scrolls
 g - 2 scrolls of identify
 n - a scroll of vulnerability
 t - 3 scrolls of enchant weapon
 v - a scroll of blinking
 w - 3 scrolls of teleportation
 y - 2 scrolls of noise
Potions
 l - a potion of magic
 m - 2 potions of mutation


   Skills:
 * Level 5.9 Fighting
 * Level 5.3 Axes
 * Level 4.8 Armour
 * Level 4.8 Dodging
 + Level 3.1 Stealth
 + Level 2.9 Unarmed Combat
 * Level 2.3 Evocations
 + Level 1.1 Shapeshifting


You had 7 spell levels left.
You didn't know any spells.
Your spell library contained the following spells:

 Spells                   Type           Power      Damage    Failure   Level
 Summon Small Mammal      Summ           0%         N/A       100%        1
 Call Canine Familiar     Summ           0%         N/A       100%        3
 Tukima's Dance           Hex            0%         N/A       100%        3
 Passage of Golubria      Tloc           0%         N/A       100%        4
 Summon Blazeheart Golem  Fire/Summ      0%         N/A       100%        4
 Yara's Violent Unravell  Hex/Alch       0%         3d3       100%        5


Dungeon Overview and Level Annotations

Branches:
Dungeon (7/15)              Sewer (visited)          Bailey (1/1)
 Temple: D:4-7

Altars:

Shops:
D:4 ?


Innate Abilities, Weirdness & Mutations

You have hoof-like feet.


Message History

The kobold demonologist casts a spell.
You hit the kobold demonologist. You kick the kobold demonologist.
The kobold demonologist is moderately wounded.
You closely miss the orc warrior. You barely miss the orc warrior.
You hit the ice devil but do no damage.
Unknown command.
You hit the kobold demonologist. You kick the kobold demonologist.
The kobold demonologist is moderately wounded.
You barely miss the orc warrior. You slash the orc warrior!
You hit the ice devil.
The kobold demonologist casts a spell.
The orc warrior hits you with a +0 war axe.
The orc warrior hits you with a +0 war axe!
The ice devil hits you. The ice devil freezes you!!
You slash the kobold demonologist!
The kobold demonologist is severely wounded.
You slash the ice devil! You closely miss the orc warrior.
You slash the orc warrior!
You kill the orc warrior!
Trog accepts your kill.
The kobold demonologist hits you but does no damage.
The orc warrior hits you but does no damage.
The ice devil hits you but does no damage.
You barely miss the kobold demonologist.
The kobold demonologist is severely wounded.
You hit the orc warrior. You hit the ufetubus. You hit the ice devil.
The orc warrior hits you but does no damage.
The ice devil hits you but does no damage.
The kobold demonologist completely misses you.
You slash the kobold demonologist!
The kobold demonologist is almost dead.
You hit the ice devil. You closely miss the orc warrior.
You slash the shadow imp!
The kobold demonologist hits you but does no damage.
The orc warrior hits you with a +0 war axe!
* * * LOW HITPOINT WARNING * * *
The ice devil hits you!
* * * LOW HITPOINT WARNING * * *
The ice devil freezes you!!
You die...

#≈≈≈≈≈#...['.....#)......# #≈≈
#≈≈≈≈≈#....#.....).ß.ß.ß.# #≈≈
#≈≈≈≈≈#.##############...######≈≈
#≈≈≈≈≈~.#..+ ....#..)...#.~≈≈
#≈≈≈≈≈~.#..# ....#..)...#.~≈≈
#≈≈≈≈≈~.#..# ....#####''#.~≈≈
#≈≈≈≈≈~.#########....##....)#.~≈≈
#≈≈≈≈≈~.#..ß.ß..#K...##....)'....
#≈≈≈≈≈~∩.......4@o5..##..⌠..'....
#≈≈≈≈≈~.#..ß.ß).#5...##.....'....
#≈≈≈≈≈~.#########....##.....#.~≈≈
#≈≈≈≈≈~.# ....#####++#.~≈≈
#≈≈≈≈≈~.# ....# #.~≈≈ #≈≈≈≈≈~.#)
....# #.~≈≈ #≈≈≈≈≈#.## #####
###≈≈ #≈≈≈≈≈#.. #≈≈ #≈≈


You could see an ice devil (summoned), a kobold demonologist, an orc warrior, a
shadow imp (summoned) and an ufetubus (summoned).

Vanquished Creatures
  Menkaure (D:7)
  5 orc warriors (Bailey)
  An ice beast (D:7)
  A crocodile (Sewer)
  2 phantoms
  5 scorpions
  3 bombardier beetles
  4 orc priests (D:5)
  Crazy Yiuf (D:3)
  3 hounds
  3 iguanas
  Jessica (D:2)
  Terence (D:2)
  An orc wizard (D:5)
  Robin (D:2)
  2 gnolls (Bailey)
  5 adders
  A river rat (D:3)
  4 dart slugs
  2 ribbon worms
  18 orcs
  10 bats
  10 endoplasms
  6 giant cockroaches
  20 goblins
  8 hobgoblins
  14 jackals
  10 kobolds
  4 quokkas
  2 ball pythons
  4 frilled lizards
  5 rats
158 creatures vanquished.

Notes
Turn   | Place    | Note
-------+----------+-------------------------------------------
     0 | D:1      | ezpacito the Demonspawn Berserker began the quest for the
                  | Orb.
     0 | D:1      | Reached XP level 1. HP: 18/18 MP: 1/1
    38 | D:1      | Gained mutation: You have large cloven feet. [demonic
                  | ancestry]
    38 | D:1      | Reached XP level 2. HP: 13/24 MP: 2/2
   497 | D:2      | Reached XP level 3. HP: 29/29 MP: 3/3
   532 | D:2      | Noticed Jessica
   538 | D:2      | Killed Jessica
   698 | D:2      | Reached ** piety under Trog
   701 | D:2      | Reached XP level 4. HP: 35/35 MP: 4/4
   725 | D:2      | Noticed Robin
   742 | D:2      | Killed Robin
   746 | D:2      | Reached skill level 1 in Stealth
   907 | D:2      | Reached skill level 1 in Unarmed Combat
  1157 | D:2      | Noticed Terence
  1172 | D:2      | Killed Terence
  1382 | D:3      | Noticed a phantom
  1386 | D:3      | Found a glowing drain.
  1398 | D:3      | Killed a phantom
  1399 | D:3      | Reached XP level 5. HP: 38/42 MP: 5/5
  1436 | Sewer    | Entered a sewer
  1508 | Sewer    | Noticed a crocodile
  1520 | Sewer    | Killed a crocodile
  1521 | Sewer    | Reached XP level 6. HP: 46/48 MP: 6/6
  1822 | D:3      | Reached *** piety under Trog
  1870 | D:3      | Found a runed translucent door.
  1871 | D:3      | Noticed Crazy Yiuf
  1877 | D:3      | Killed Crazy Yiuf
  2668 | D:4      | Found Uvoev's Magic Scroll Emporium.
  2942 | D:4      | Reached XP level 7. HP: 45/55 MP: 7/7
  3582 | D:4      | Bought a scroll of enchant weapon for 75 gold pieces
  3582 | D:4      | Bought a scroll of enchant weapon for 75 gold pieces
  3582 | D:4      | Bought a scroll of identify for 20 gold pieces
  3582 | D:4      | Bought a scroll of identify for 20 gold pieces
  3582 | D:4      | Bought a scroll of identify for 20 gold pieces
  3661 | D:5      | Entered Level 5 of the Dungeon
  3704 | D:5      | Reached skill level 5 in Fighting
  3740 | D:5      | Gained mutation: You have hoof-like feet. [demonic
                  | ancestry]
  3740 | D:5      | Reached XP level 8. HP: 41/62 MP: 8/8
  3839 | D:5      | Reached **** piety under Trog
  3875 | D:5      | You fall into a shaft and drop 2 floors!
  3960 | D:7      | Reached skill level 1 in Evocations
  3998 | D:7      | Noticed Menkaure
  4008 | D:7      | Killed Menkaure
  4009 | D:7      | Reached skill level 5 in Axes
  4066 | D:7      | Found a flagged portal.
  4075 | Bailey   | Entered a bailey
  4235 | Bailey   | Reached skill level 1 in Shapeshifting
  4578 | Bailey   | Found an iron altar of Okawaru.
  4578 | Bailey   | Noticed a kobold demonologist
  4585 | Bailey   | Noticed an ice devil
  4589 | Bailey   | Slain by an ice devil

Illustrated notes

Levels and vault maps discovered:
D:1:      elethiomel_arrival_shortcut, layout_rooms
D:2:      layout_loops_ring, uniq_terence, uniq_jessica, uniq_robin
D:3:      layout_basic, portal_sewer_entry_c, serial_bayou_crossing,
          uniq_crazy_yiuf_cottage
D:4:      layout_basic, serial_shops, nicolae_shop_waterfront,
          grunt_decor_fettered
D:5:      layout_cave_pools, temple_hall, hangedman_abyss_or_decor_stagger
D:7:      layout_cave_pools, nicolae_overflow_hallway_of_the_gods,
          enter_bailey_8, uniq_duvessa, uniq_menkaure, uniq_maggie
Bailey:   bailey_axe_of_yendor_kennysheep, bailey

Skill      XL: |  1  2  3  4  5  6  7  8 |
---------------+-------------------------+-----
Armour         | 2 3 4 |  4.8
Dodging        | 2 3 4 |  4.8
Axes           | 3 4 5 |  5.3
Stealth        | 1 2 3 |  3.1
Unarmed Combat | 1 2 |  2.9
Fighting       | 4 5 |  5.9
Evocations     | 2 |  2.3
Shapeshifting  | 1 |  1.1

Action                     |  1- 3 |  4- 6 |  7- 9 || total
---------------------------+-------+-------+-------++-------
  Melee: Hand axe          |    64 |   224 |   111 ||   399
         Kick              |    10 |    67 |    75 ||   152
         War axe           |       |       |   101 ||   101
 Invoke: Berserk           |     1 |     3 |     3 ||     7
         Trog's Hand       |       |       |     5 ||     5
    Use: Scroll            |       |     9 |     5 ||    14
         Potion            |       |       |     2 ||     2
   Stab: Sleeping          |     2 |     2 |       ||     4
 Armour: Animal skin       |    39 |    26 |       ||    65
         Chain mail        |       |   187 |   184 ||   371
         Plate armour      |       |       |    37 ||    37
  Dodge: Dodged            |    51 |   103 |   103 ||   257

Table legend: (Time is in decaauts)
 A = Elapsed time spent in this place.
 B = Non-inter-level travel time spent in this place.
 C = Inter-level travel time spent in this place.
 D = Time resting spent in this place.
 E = Time spent auto-exploring this place.
 F = Levels seen in this place.
 G = Mean time per level.
                   A        B        C        D        E       F      G
               +--------+--------+--------+--------+--------+-----+--------+
         Total |   4726 |   4571 |    155 |    279 |   2938 |   8 |  590.8 |
       Dungeon |   3995 |   3840 |    155 |     25 |   2671 |   6 |  665.8 |
         Sewer |    205 |    205 |      0 |     62 |     87 |   1 |  205.0 |
        Bailey |    526 |    526 |      0 |    192 |    179 |   1 |  526.0 |
               +--------+--------+--------+--------+--------+-----+--------+

Top non-repeatable levels by time:
     D:4: 1142 daAuts
     D:3: 1071 daAuts
     D:2: 855 daAuts
  Bailey: 526 daAuts
     D:1: 483 daAuts
     D:5: 228 daAuts
     D:7: 214 daAuts
   Sewer: 205 daAuts
